 Dungeon Crawl Stone Soup version 0.21.1-1-g345015f (webtiles) character file.

11 Monsterracer the Caller (level 2, 0/20 HPs)
             Began as a Draconian Summoner on Feb 6, 2018.
             Slain by a gnoll
             ... wielding a +0 flail
              (7 damage)
             ... on level 1 of the Dungeon.
             The game lasted 00:01:10 (643 turns).

Monsterracer the Caller (Draconian Summoner)         Turns: 643, Time: 00:01:11

Health: 0/20       AC:  4    Str: 10    XL:     2   Next: 13%
Magic:  2/5        EV: 12    Int: 15    God:
Gold:   18         SH:  0    Dex: 11    Spells: 4/5 levels left

rFire    . . .     SeeInvis .     - Unarmed
rCold    . . .     Gourm    .   (no shield)
rNeg     . . .     Faith    .   (armour unavailable)
rPois    .         Spirit   .   (helmet restricted)
rElec    .         Reflect  .   (no cloak)
rCorr    .         Harm     .   (no gloves)
MR       .....                  (no boots)
Stlth    ++........             (no amulet)
HPRegen  0.06/turn              (no ring)
MPRegen  0.09/turn              (no ring)

@: no status effects
A: unfitting armour, cold-blooded, AC +4
a: no special abilities


You were on level 1 of the Dungeon.
You were not hungry.

You visited 1 branch of the dungeon, and saw 1 of its levels.

You collected 18 gold pieces.

Inventory:

Books
 a - a book of Callings

   Spells                             Type                      Level
   a - Summon Small Mammal            Summoning                    1
   b - Call Imp                       Summoning                    2
   c - Call Canine Familiar           Summoning                    3
   d - Summon Guardian Golem          Hexes/Summoning              3
   e - Summon Lightning Spire         Summoning/Air                4
   f - Summon Ice Beast               Ice/Summoning                4
Comestibles
 c - a ration


   Skills:
 - Level 1.7 Dodging
 - Level 1.7 Stealth
 + Level 1.8 Unarmed Combat
 - Level 2.0 Spellcasting
 - Level 4.0 Summonings


You had 4 spell levels left.
You knew the following spells:

 Your Spells              Type           Power        Failure   Level  Hunger
a - Summon Small Mammal   Summ           ##..         4%          1    #......


Dungeon Overview and Level Annotations

Branches:
Dungeon (1/15)

Altars:


Innate Abilities, Weirdness & Mutations

Your plain brown scales are hard. (AC +4)
You cannot fit into any form of body armour.
You are cold-blooded and may be slowed by cold attacks.


Message History

You hit the rat.
The rat is heavily wounded.
The rat closely misses you.
You hit the rat.
You kill the rat!
No target in view!
Found a robe.
You see here a rat corpse.
Key pressed, stopping explore.
No target in view!
Found an escape hatch in the floor.
A gnoll comes into view. It is wielding a flail.
The gnoll shouts!
Found a stone staircase leading down.
Casting: Summon Small Mammal
Confirm with . or Enter, or press ? or * to list all spells.
You miscast Summon Small Mammal.
You are very lightly contaminated with residual magic.
Nothing appears to happen.
You now have 4/5 mp.
The gnoll barely misses you.
You hit the gnoll. You punch the gnoll.
The gnoll is moderately wounded.
The gnoll misses you.
You barely miss the gnoll.
The gnoll is moderately wounded.
The gnoll closely misses you.
You hit the gnoll.
Your tail-slap misses the gnoll.
The gnoll is moderately wounded.
You hit the gnoll.
The gnoll is moderately wounded.
The gnoll barely misses you.
You hit the gnoll but do no damage.
The gnoll is moderately wounded.
The gnoll hits you with a flail!
Ouch! That really hurt!
* * * LOW HITPOINT WARNING * * *
You take 12 damage, and have 8/20 hp.
MASSIVE DAMAGE!!
Casting: Summon Small Mammal
Confirm with . or Enter, or press ? or * to list all spells.
The gnoll completely misses you.
You now have 3/5 mp.
Your bat hits the gnoll but does no damage. x2
Your bat barely misses the gnoll.
Your bat hits the gnoll.
Your bat closely misses the gnoll.
Your bat hits the gnoll but does no damage.
Your bat hits the gnoll but does no damage.
Your bat hits the gnoll but does no damage.
Your bat hits the gnoll.
Your bat hits the gnoll but does no damage.
Your bat barely misses the gnoll.
Your bat hits the gnoll but does no damage.
Your bat barely misses the gnoll.
You hit the gnoll but do no damage.
The gnoll is heavily wounded.
The gnoll misses you.
Your bat hits the gnoll.
Your magical contamination has completely faded away.
You hit the gnoll but do no damage.
The gnoll is heavily wounded.
Your bat hits the gnoll but does no damage.
The gnoll hits you with a flail.
* * * LOW HITPOINT WARNING * * *
You take 3 damage, and have 6/20 hp.
MP restored: 5 Your bat barely misses the gnoll.
The gnoll closely misses you.
Your bat hits the gnoll. The gnoll barely misses your bat.
Your bat hits the gnoll but does no damage.
Your bat closely misses the gnoll.
The gnoll hits your bat with a flail!
Your bat dies!
Your bat's corpse disappears in a puff of smoke!
The gnoll shouts!
Casting: Summon Small Mammal
Confirm with . or Enter, or press ? or * to list all spells.
You now have 4/5 mp.
Your bat hits the gnoll but does no damage.
The gnoll closely misses your bat.
Your bat barely misses the gnoll.
Your bat hits the gnoll but does no damage.
Your bat completely misses the gnoll.
Casting: Summon Small Mammal
Confirm with . or Enter, or press ? or * to list all spells.
Your bat barely misses the gnoll.
The gnoll hits your bat with a flail!
Your bat dies!
Your bat's corpse disappears in a puff of smoke!
You now have 3/5 mp.
Casting: Summon Small Mammal
Confirm with . or Enter, or press ? or * to list all spells.
The gnoll hits your quokka with a flail.
You now have 2/5 mp.
Your quokka bites the gnoll but does no damage.
You swap places.
The gnoll hits your quokka with a flail.
Your quokka dies!
Your quokka's corpse disappears in a puff of smoke!
Your quokka bites the gnoll but does no damage.
You hit the gnoll but do no damage.
The gnoll is heavily wounded.
The gnoll hits you with a flail!
You die...

........>.###.######....#.#.
+##...............##....#.#.
#########.......##....#.#.
#...g...###'#.#.#.
#.#+#######.#.#.#.
#.#.......#.#.#.#.
#.#.......'.#.#...
...####g#.......###.#.#.
......r@........'.......
...####.#.......#(#.#.#.
#.#.#.....#.#...#. #.#
##.#.##.#.#.#. #.#
#.#.##.#.#.#. ..#
#.#.##.#.#... #.# #
#.##.#.###. ### #.##.#.# .
#.#


You could see a gnoll and a friendly quokka.

Vanquished Creatures
  A hobgoblin (D:1)
  A bat (D:1)
  A frilled lizard (D:1)
  5 kobolds (D:1)
  2 rats (D:1)
10 creatures vanquished.

Vanquished Creatures (collateral kills)
  A goblin (D:1)
  A kobold (D:1)
2 creatures vanquished.

Grand Total: 12 creatures vanquished

Notes
Turn   | Place    | Note
-------+----------+-------------------------------------------
     0 | D:1      | Monsterracer the Draconian Summoner began the quest for the Orb.
     0 | D:1      | Reached XP level 1. HP: 14/14 MP: 3/3
    15 | D:1      | HP: 7/14 [goblin/club (3)]
    32 | D:1      | HP: 4/14 [goblin/club (1)]
    52 | D:1      | HP: 3/14 [kobold/club (2)]
   381 | D:1      | Reached skill level 1 in Unarmed Combat
   452 | D:1      | Reached XP level 2. HP: 17/20 MP: 5/5
   609 | D:1      | HP: 8/20 [gnoll/flail (12)]
   624 | D:1      | HP: 6/20 [gnoll/flail (3)]
   643 | D:1      | Slain by a gnoll

Skill      XL: |  1 |
---------------+----+-----
Unarmed Combat | 1 |  1.8
Dodging        | |  1.7
Stealth        | |  1.7
Spellcasting   | |  2.0
Summonings     | |  4.0

Action                   || total
-------------------------++-------
Melee: Unarmed           ||    43
       Tailslap          ||     2
       Punch             ||     1
 Cast: Summon Small Mamm ||     9
Armor: Skin              ||    11
Dodge: Dodged            ||    22

Vault maps used:
D:1:      ncdulo_halloftheorcs
